 Dungeon Crawl Stone Soup version 0.28.0-43-g3370ac3207 (webtiles) character file.

Game seed: 6530742807214962485

322 Kaptain the Digger (level 6, -1/36 HPs)
             Began as a Gargoyle Earth Elementalist on Mar 20, 2022.
             Killed from afar by Dowan (6 damage)
             ... with a puff of flame
             ... on level 4 of the Dungeon.
             The game lasted 00:12:01 (3193 turns).

Kaptain the Digger (Gargoyle Earth Elementalist)    Turns: 3193, Time: 00:12:01

Health: -1/36      AC:  9    Str: 15    XL:     6   Next: 47%
Magic:  2/10       EV: 11    Int: 18    God:
Gold:   94         SH:  0    Dex:  7    Spells: 7/11 levels left

rFire   . . .      SeeInvis .   d - +6 hunting sling of Kindness {flame, rN+ Str+4 Dex-3}
rCold   . . .      Faith    .   (no shield)
rNeg    + + .      Spirit   .   g - +1 leather armour
rPois   ∞          Reflect  .   (no helmet)
rElec   +          Harm     .   (no cloak)
rCorr   .          Rampage  .   o - +0 pair of gloves
Will    .....                   (no boots)
Stlth   +.........              (no amulet)
HPRegen 0.12/turn               (no ring)
MPRegen 0.12/turn               (no ring)

@: no status effects
A: sickness immunity, AC +4, negative energy resistance 1, electricity
resistance, torment resistance 1, petrification resistance
a: no special abilities


You were on level 4 of the Dungeon.
You visited 1 branch of the dungeon, and saw 4 of its levels.

You collected 105 gold pieces.
You spent 11 gold pieces at shops.

Inventory:

Hand Weapons
 a - a +2 dagger of draining
 d - the +6 hunting sling of Kindness (weapon) {flame, rN+ Str+4 Dex-3}
   (You found it on level 2 of the Dungeon)

   Any ammunition fired from it burns those it strikes, dealing additional fire
   damage.
   Str:       It affects your strength (+4).
   Dex:       It affects your dexterity (-3).
   rN:        It protects you from negative energy.
 i - a +0 short sword of speed
 m - a +0 war axe
Missiles
 c - 42 stones (quivered ammo)
Armour
 g - a +1 leather armour (worn)
 o - a +0 pair of gloves (worn)
Wands
 b - a wand of acid (4)
 f - a wand of paralysis (2)
Scrolls
 j - a scroll of fog
 k - a scroll of enchant weapon {unknown}
Potions
 e - a potion of mutation
 l - a potion of degeneration
 q - 2 potions of magic


   Skills:
 * Level 2.7 Fighting
 + Level 1.7 Armour
 + Level 2.3 Dodging
 - Level 2.1 Stealth
 * Level 3.2 Spellcasting
 * Level 2.9 Conjurations
 - Level 0.7 Transmutations
 * Level 4.8 Earth Magic


You had 7 spell levels left.
You knew the following spells:

 Your Spells              Type           Power      Damage    Failure   Level
a - Sandblast             Erth           40%        2d10      2%          1
b - Stone Arrow           Conj/Erth      32%        3d9       12%         3

Your spell library contained the following spells:

 Spells                   Type           Power      Damage    Failure   Level
 Magic Dart               Conj           52%        1d5       6%          1
 Passwall                 Tmut/Erth      10%        N/A       10%         2
 Static Discharge         Conj/Air       8%         N/A       16%         2
 Wereblood                Tmut           5%         N/A       22%         2
 Call Imp                 Summ           2%         N/A       30%         2
 Mephitic Cloud           Conj/Pois/Air  6%         N/A       36%         3
 Petrify                  Tmut/Erth      12%        N/A       52%         4
 Sticky Flame             Conj/Fire      8%         2d3       71%         4
 Dispel Undead            Necr           2%         3d7       89%         4
 Lightning Bolt           Conj/Air       4%         1d15      96%         5
 Iron Shot                Conj/Erth      8%         9d3       99%         6
 Summon Hydra             Summ           1%         N/A       100%        7
 Sublimation of Blood     Necr           Unusable   N/A       N/A         2

Dungeon Overview and Level Annotations

Branches:
Dungeon (4/15)
 Temple: D:4-7

Altars:

Shops:
D:1 (((=*   D:2 !

Annotations:
D:4 Dowan


Innate Abilities, Weirdness & Mutations

You are immune to sickness and miasma.
Your stone body is resilient. (AC +4)
You are immune to poison.
You resist negative energy. (rN+)
You are resistant to electric shocks. (rElec)
You are resistant to unholy torment.
You are immune to petrification.


Message History

Confirm with . or Enter, or press ? or * to list all spells.
Aiming: Sandblast (safe; 3% risk of failure)
Press: ? - help, Shift-Dir - straight line, f/p - Duvessa
Aim: Duvessa, wielding a +0 rapier, wearing a +0 ring mail and carrying a wand of flame (11) (severely wounded, 85% to hit)
The blast of sand hits Duvessa!
Duvessa is almost dead.
c - 43 stones Duvessa hits you but does no damage.
Unknown command.
Casting: Sandblast (safe; 3% risk of failure)
Confirm with . or Enter, or press ? or * to list all spells.
Aiming: Sandblast (safe; 3% risk of failure)
Press: ? - help, Shift-Dir - straight line, f/p - Duvessa
Aim: Duvessa, wielding a +0 rapier, wearing a +0 ring mail and carrying a wand of flame (11) (almost dead, 85% to hit)
The blast of sand hits Duvessa.
You kill Duvessa!
You hear a distant wail of despair.
c - 42 stones You have reached level 6!
Dowan seems to find hidden reserves of power!
Dowan casts a spell.
Dowan blinks!
Dowan zaps a wand.
The puff of flame hits you.
Dowan points at you and mumbles some strange words.
The shard of ice hits you!
* * * LOW HITPOINT WARNING * * *
Okay, then.
Okay, then.
It was a potion of attraction.
You feel attractive to monsters.
Unknown command.
It was a potion of cancellation.
Your magical effects are unravelling.
You feel magically purged.
You feel a little less mighty now.
Dowan points at you and mumbles some strange words.
The shard of ice misses you. Dowan hits you but does no damage.
You feel less attractive to monsters.
Dowan zaps a wand.
The puff of flame hits you.
You die...

##.## #.# #.....#
#.#####.###.####.#.#####
#...........##.........#
#.#####e######.#######.#
#.# #.# #.# #.# ..
#.######.# #.#####
#...e.##.# #......
#####.##.# #.#####
#@##.# #.#
#.##.#######.#####
##.##..............
#.....#######.##.##
#..##.# #.# # #..##.#
#.# .<<.##.# #.#
#######.# #.# #.# #.#


You could see Dowan (fast).

Vanquished Creatures
  Duvessa (D:4)
  An orc priest (D:3)
  Ijyb (D:2)
  An iguana (D:4)
  An orc wizard (D:3)
  An adder (D:2)
  An ufetubus (D:2)
  2 worms
  A dart slug (D:1)
  7 orcs
  7 endoplasms
  7 giant cockroaches
  5 goblins
  11 hobgoblins
  6 kobolds
  A quokka (D:1)
  11 ball pythons
  9 bats
  7 frilled lizards
  A quokka skeleton (D:4)
  3 rats
85 creatures vanquished.

Notes
Turn   | Place    | Note
-------+----------+-------------------------------------------
     0 | D:1      | Kaptain the Gargoyle Earth Elementalist began the quest for
                  | the Orb.
     0 | D:1      | Reached XP level 1. HP: 10/10 MP: 3/3
    56 | D:1      | Found Xaghenon's Weapon Boutique.
   105 | D:1      | Found Mylab's Jewellery Boutique.
   184 | D:1      | Reached XP level 2. HP: 16/16 MP: 3/5
   220 | D:1      | Found a faded altar of an unknown god.
   411 | D:1      | Found Afeob's Weapon Shop.
   597 | D:1      | Reached skill level 1 in Conjurations
   644 | D:1      | Reached skill level 1 in Fighting
   671 | D:1      | Reached XP level 3. HP: 20/20 MP: 4/6
   719 | D:1      | Found Losmeunk's Weapon Boutique.
   928 | D:1      | Found Ceaptue's General Store.
  1154 | D:2      | Reached skill level 4 in Earth Magic
  1281 | D:2      | Found Qoho's Distillery.
  1285 | D:2      | Bought a potion of degeneration for 11 gold pieces
  1288 | D:2      | Identified a scroll of acquirement
  1288 | D:2      | Acquired Iwkyth's Grimoire of the Floating Mountains
  1294 | D:2      | Learned a level 3 spell: Stone Arrow
  1506 | D:2      | Reached XP level 4. HP: 25/25 MP: 7/7
  1542 | D:2      | Identified the +6 hunting sling of Kindness {flame, rN+
                  | Str+4 Dex-3}
  1844 | D:3      | Noticed Ijyb
  1849 | D:3      | Paralysed by Ijyb for 5 turns
  1876 | D:2      | Killed Ijyb
  1877 | D:2      | Reached skill level 1 in Armour
  2124 | D:3      | Reached XP level 5. HP: 22/30 MP: 2/9
  3152 | D:4      | Noticed Duvessa
  3157 | D:4      | Noticed Dowan
  3176 | D:4      | Killed Duvessa
  3177 | D:4      | Reached XP level 6. HP: 18/36 MP: 0/10
  3193 | D:4      | Killed from afar by Dowan

Illustrated notes

Levels and vault maps discovered:
D:1:      dpeg_arrival_simpleton_b, layout_basic, serial_shops,
          nicolae_shop_statue_plus, nicolae_diamond_shop, nicolae_shop_trees,
          nicolae_shop_bloodbath_and_beyond, nicolae_square_shop,
          hellmonk_ecumenical_altar_arch_garden, roderic_malta_cross
D:2:      minmay_inner_zag, layout_rooms, serial_shops,
          nicolae_shop_behind_doors
D:3:      layout_rooms, serial_bayou, serial_bayou_shore_b, serial_bayou_pond_b,
          serial_bayou_ford_a, serial_bayou_pond_d, minmay_distorted, uniq_ijyb
D:4:      layout_loops_ring, gammafunk_ghost_nasty_kobolds,
          uniq_crazy_yiuf_cottage, uniq_duvessa, uniq_sigmund

Skill      XL: |  1  2  3  4  5 |
---------------+----------------+-----
Conjurations   | 1 2 |  2.9
Fighting       | 1 2 |  2.7
Earth Magic    | 4 |  4.8
Dodging        | 2 |  2.3
Armour         | 1 |  1.7
Spellcasting   | 3 |  3.2
Stealth        | |  2.1
Transmutations | |  0.7

Action                   |  1- 3 |  4- 6 || total
-------------------------+-------+-------++-------
Melee: Dagger            |    67 |    58 ||   125
       Hand axe          |    18 |       ||    18
       Punch             |     2 |       ||     2
 Fire: Hunting sling     |       |    17 ||    17
 Cast: Sandblast         |    24 |    54 ||    78
  Use: Scroll            |     4 |     4 ||     8
       Potion            |       |     4 ||     4
 Stab: Sleeping          |     3 |       ||     3
Armor: Robe              |     6 |       ||     6
       Leather armour    |    33 |    45 ||    78
Dodge: Dodged            |    61 |    53 ||   114
